 Seeded DCSS version 0.29-a0-356-g7bc237e783 (webtiles) character file.

Game seed: 16244844673150202255 (custom seed)

0 lucidbluej the Skirmisher (level 1, 0/24 HPs)
             Began as an Ogre Berserker on Apr 26, 2022.
             Was a Follower of Trog.
             Slain by a gnoll
             ... wielding a +2 vorpal spear
              (1 damage)
             ... on level 1 of the Dungeon.
             The game lasted 00:00:26 (56 turns).

lucidbluej the Skirmisher (Ogre Berserker)            Turns: 56, Time: 00:00:29

Health: 0/24       AC:  3    Str: 20    XL:     1   Next: 10%
Magic:  1/1        EV: 10    Int:  8    God:    Trog [*.....]
Gold:   11         SH:  0    Dex:  8    Spells: 0/0 levels left

rFire   . . .      SeeInvis .   a - +0 spear
rCold   . . .      Faith    .   (no shield)
rNeg    . . .      Spirit   .   b - +0 animal skin
rPois   .          Reflect  .   (helmet restricted)
rElec   .          Harm     .   (no cloak)
rCorr   .          Rampage  .   (gloves unavailable)
Will    .....                   (boots unavailable)
Stlth   +.........              (no amulet)
HPRegen 0.08/turn               (no ring)
MPRegen 0.07/turn               (no ring)

@: no status effects
A: large, unfitting armour, tough skin 1
a: Renounce Religion, Berserk


You were on level 1 of the Dungeon.
You worshipped Trog.
Trog was aware of your devotion.
You visited 1 branch of the dungeon, and saw 1 of its levels.

You collected 11 gold pieces.

Inventory:

Hand Weapons
 a - a +0 spear (weapon)
 d - a +0 club
Missiles
 e - 2 stones (quivered)
Armour
 b - a +0 animal skin (worn)
Potions
 c - a potion of curing {unknown}


   Skills:
 + Level 4.0 Fighting
 + Level 3.0 Polearms
 + Level 2.7 Dodging


You couldn't memorise any spells.
You didn't know any spells.
Your spell library was empty.

Dungeon Overview and Level Annotations

Branches:
Dungeon (1/15)

Altars:


Innate Abilities, Weirdness & Mutations

You are too large for most types of armour.
You have tough skin. (AC +1)


Message History

There is a fountain of clear blue water here.
c - an amethyst potion
There are no items here.
You open the door.
A kobold comes into view. It is wielding a +0 club.
The kobold shouts!
There is an open door here.
The kobold throws a stone.
The stone hits you but does no damage.
The kobold throws a stone.
The stone hits you but does no damage. The kobold barely misses you.
You puncture the kobold!
You kill the kobold!
Trog accepts your kill.
Things that are here:
a +0 club; 2 stones; a kobold corpse
d - a +0 club;
e - 2 stones
Found a scroll labelled FEEFUD ZUSIZU.
A gnoll comes into view. It is wielding a +2 vorpal spear.
The gnoll shouts!
A kobold comes into view. It is wielding a +0 club.
The kobold shouts!
A ball python comes into view.
A kobold comes into view. It is wielding a +0 short sword.
The kobold shouts!
A ball python comes into view.
The gnoll hits you with a +2 vorpal spear.
You closely miss the gnoll.
The ball python hisses angrily.
The gnoll misses you.
You hit the gnoll but do no damage.
The gnoll hits you with a +2 vorpal spear!
You hit the gnoll.
The gnoll is moderately wounded.
You completely miss the gnoll.
The gnoll is moderately wounded.
The ball python bites the plant.
The plant begins to die.
The ball python grabs the plant.
The ball python constricts the plant.
The gnoll hits you with a +2 vorpal spear!
* * * LOW HITPOINT WARNING * * *
You die...

.........#
..P......#
..P♣♣♣...#
P. ♣P..#
...♣♣♣P..#
..P...P..#
.........#
...PPP...#
P?.♣♣♣.@.#


P.P ♣PgK# .. ♣.S.# PPSK# .....# ......# .♣♣♣P..# .. ♣...# You could see a gnoll,
2 ball pythons and 2 kobolds.

Vanquished Creatures
  A kobold (D:1)
1 creature vanquished.

Notes
Turn   | Place    | Note
-------+----------+-------------------------------------------
     0 | D:1      | lucidbluej the Ogre Berserker began the quest for the Orb.
     0 | D:1      | Reached XP level 1. HP: 24/24 MP: 1/1
    56 | D:1      | HP: 1/24 [gnoll/+2 vorpal spear (9)]
    56 | D:1      | Slain by a gnoll

Illustrated notes

Levels and vault maps discovered:
D:1:      mushboom_english_gardens, layout_rooms, kennysheep_boxes

Action                   || total
-------------------------++-------
Melee: Spear             ||     5
Armor: Animal skin       ||     2
Dodge: Dodged            ||     2

Table legend: (Time is in decaauts)
 A = Elapsed time spent in this place.
 B = Non-inter-level travel time spent in this place.
 C = Inter-level travel time spent in this place.
 D = Time resting spent in this place.
 E = Time spent auto-exploring this place.
 F = Levels seen in this place.
 G = Mean time per level.
                   A        B        C        D        E       F      G
               +--------+--------+--------+--------+--------+-----+--------+
         Total |     55 |     16 |     39 |      0 |      0 |   1 |   55.0 |
       Dungeon |     55 |     16 |     39 |      0 |      0 |   1 |   55.0 |
               +--------+--------+--------+--------+--------+-----+--------+

Top non-repeatable levels by time:
     D:1: 55 daAuts
